Capitals vs Flyers

Created - March 19 2011 at 11:27

Goals
1 2 3 T
Capitals 0 0 0 0
Flyers 1 2 0 3
Shots
1 2 3 T
Capitals 4 8 5 17
Flyers 7 18 6 31

Period #1

1. Flyers , Kyle Brodziak 7 (Randy Jones, Chris Pronger) at 13:58

Penalties :
Matt Cooke (WSH) for Hooking (Minor) at 5:07, Alexander Ovechkin (WSH) for Tripping (Minor) at 7:33, Douglas Murray (WSH) for Elbowing (Minor) at 9:34

Period #2

2. Flyers , Chris Pronger 18 (Andrei Markov, Tim Connolly) at 6:14 (PP)
3. Flyers , Tim Connolly 18 (Chris Pronger) at 14:16

Penalties :
Alexander Ovechkin (WSH) for Holding (Minor) at 1:32, Matt Cooke (WSH) for Interference (Minor) at 5:14, Alexander Ovechkin (WSH) for Holding (Minor) at 7:10, Ladislav Smid (PHI) for Roughing (Minor) at 9:27, Steve Eminger (WSH) for Tripping (Minor) at 14:27

Period #3

No Goal

Penalties :
Matt Stajan (WSH) for Elbowing (Minor) at 0:03, Ladislav Smid (PHI) for Holding (Minor) at 2:12, Alexander Ovechkin (WSH) for High sticking (Minor) at 6:13, Marc Methot (WSH) for Interference (Minor) at 9:44, Alexander Ovechkin (WSH) for Holding Stick (Minor) at 12:48, Matt Cooke (WSH) for Tripping (Minor) at 15:12

Goalie Stats

Jimmy Howard (WSH), 28 saves from 31 shots - (0.903), L, 21-32-4, 60:00 minutes
Tomas Vokoun (PHI), 17 saves from 17 shots - (1.000), W, 32-26-11, 60:00 minutes

Players Stats

Capitals
Player Name              G  A  P  +/- PIM S  H  SB FO    MP 
------------------------------------------------------------
Alexander Ovechkin       0  0  0  -1  10  4  1  0  1/2   17 
Alexander Semin          0  0  0  -1  0   0  0  0  1/1   18 
Alexei Kovalev           0  0  0  -2  0   0  0  0  0/1   10 
Brian Sutherby           0  0  0   0  0   0  3  0  4/9   14 
Douglas Murray           0  0  0   0  2   0  2  0  0/0   20 
Jeff Halpern             0  0  0   0  0   1  1  0  12/24 19 
Kimmo Timonen            0  0  0  -2  0   1  0  0  0/0   25 
Marc Methot              0  0  0   0  2   0  0  0  0/0   17 
Mark Mancari             0  0  0   0  0   0  0  0  0/0   11 
Matt Cooke               0  0  0   0  6   3  2  0  0/0   11 
Matt Pettinger           0  0  0   0  0   0  0  0  1/3   11 
Matt Stajan              0  0  0  -2  2   1  1  0  16/28 23 
Mike Green               0  0  0  -2  0   2  1  1  0/0   24 
Ryane Clowe              0  0  0   0  0   0  0  0  2/4   8  
Steve Eminger            0  0  0   0  2   0  2  0  0/0   10 
Tomas Fleischmann        0  0  0   0  0   4  0  0  1/3   20 
Trent Hunter             0  0  0   0  0   0  0  0  0/0   0  
Willie Mitchell          0  0  0   0  0   1  0  1  0/0   21 
Flyers
Player Name              G  A  P  +/- PIM S  H  SB FO    MP 
------------------------------------------------------------
Andrei Markov            0  1  1   0  0   3  0  0  0/0   18 
Brendan Morrison         0  0  0   0  0   1  1  0  6/15  16 
Chris Pronger            1  2  3   2  0   5  1  0  0/0   24 
Glen Metropolit          0  0  0   2  0   0  2  0  4/10  9  
Jochen Hecht             0  0  0   0  0   2  1  0  1/3   19 
John Madden              0  0  0   0  0   6  1  1  16/26 21 
Justin Williams          0  0  0   0  0   0  0  0  0/1   16 
Kevin Bieksa             0  0  0   0  0   1  0  0  0/0   20 
Kyle Brodziak            1  0  1   2  0   1  0  0  0/0   8  
Ladislav Smid            0  0  0   0  4   0  1  0  0/0   15 
Lee Stempniak            0  0  0   0  0   0  1  0  0/0   15 
Niklas Hagman            0  0  0   0  0   4  1  0  0/1   20 
Pascal Dupuis            0  0  0   0  0   2  0  1  0/0   15 
Radim Vrbata             0  0  0   0  0   0  1  0  1/1   19 
Randy Jones              0  1  1   2  0   1  1  0  0/0   8  
Rob Blake                0  0  0   0  0   3  0  1  0/0   20 
Rostislav Klesla         0  0  0   0  0   0  1  0  0/0   13 
Tim Connolly             1  1  2   2  0   2  1  0  9/18  22 

3 Stars

1 - Chris Pronger (PHI)
2 - Tomas Vokoun (PHI)
3 - Tim Connolly (PHI)

Power Play

Capitals - 0 on 2 Attempt(s) - 0.00%
Flyers - 1 on 12 Attempt(s) - 8.33%

Penalty Kill

Capitals - 11 on 12 Attempt(s) - 91.67% - Score 0 goal in Penalty Kill
Flyers - 2 on 2 Attempt(s) - 100.00% - Score 0 goal in Penalty Kill

Game Notes

No Game Note

Finance

Level 1 -- Attendance: 5104 (78.52%) -- Ticket Income $484,880.00
Level 2 -- Attendance: 5000 (100.00%) -- Ticket Income $270,000.00
Level 3 -- Attendance: 2744 (78.40%) -- Ticket Income $96,040.00
Level 4 -- Attendance: 2688 (76.39%) -- Ticket Income $40,320.00
Luxury Box -- Attendance: 787 (78.70%) -- Ticket Income $151,104.00
Game was played at the Wachovia Center
Total Attendance: 16323 (83.63%)
Total Ticket Income: $1,071,167.00
Other Income: $202,447.20
Total Income: $1,273,614.00


Play by Play

Period #1

0:01 of 1st period - Tim Connolly wins face-off versus Alexei Kovalev in neutral zone.
0:52 of 1st period - Off-side.
0:53 of 1st period - John Madden wins face-off versus Jeff Halpern in neutral zone.
0:53 of 1st period - John Madden is hit by Matt Cooke.
1:15 of 1st period - Shot by Rob Blake.
1:15 of 1st period - Deflect By Niklas Hagman.
1:15 of 1st period - Shot Misses the Net.
1:24 of 1st period - John Madden is hit by Steve Eminger.
1:56 of 1st period - Shot by Alexander Ovechkin.
1:56 of 1st period - Shot Blocked by Pascal Dupuis.
2:22 of 1st period - Icing by Brendan Morrison.
2:23 of 1st period - Matt Stajan wins face-off versus Brendan Morrison in Flyers zone.
2:28 of 1st period - Shot by Alexander Semin.
2:28 of 1st period - Shot Misses the Net.
3:24 of 1st period - Shot by Alexander Ovechkin.
3:24 of 1st period - Stopped by Tomas Vokoun without a rebound.
3:25 of 1st period - Tim Connolly wins face-off versus Jeff Halpern in Flyers zone.
3:25 of 1st period - Chris Pronger is hit by Matt Cooke.
3:52 of 1st period - Shot by Tomas Fleischmann.
3:52 of 1st period - Stopped by Tomas Vokoun without a rebound.
3:53 of 1st period - John Madden wins face-off versus Brian Sutherby in Flyers zone.
4:18 of 1st period - Off-side.
4:19 of 1st period - Glen Metropolit wins face-off versus Matt Stajan in neutral zone.
5:07 of 1st period - Minor Penalty to Matt Cooke for Hooking.
5:08 of 1st period - John Madden wins face-off versus Jeff Halpern in Capitals zone.
6:50 of 1st period - Icing by Chris Pronger.
6:51 of 1st period - Matt Stajan wins face-off versus Tim Connolly in Flyers zone.
7:33 of 1st period - Minor Penalty to Alexander Ovechkin for Tripping.
7:34 of 1st period - John Madden wins face-off versus Matt Pettinger in Capitals zone.
7:35 of 1st period - Shot by Niklas Hagman.
7:35 of 1st period - Deflect By John Madden.
7:35 of 1st period - Stopped by Jimmy Howard with a rebound.
7:37 of 1st period - Shot by Niklas Hagman.
7:37 of 1st period - Shot Misses the Net.
7:41 of 1st period - Shot by Rob Blake.
7:41 of 1st period - Stopped by Jimmy Howard without a rebound.
7:42 of 1st period - Tim Connolly wins face-off versus Matt Pettinger in Capitals zone.
7:45 of 1st period - Shot by Chris Pronger.
7:45 of 1st period - Stopped by Jimmy Howard without a rebound.
7:46 of 1st period - Jeff Halpern wins face-off versus Tim Connolly in Capitals zone.
9:11 of 1st period - Chris Pronger is hit by Matt Stajan and loses puck.
9:30 of 1st period - Shot by Chris Pronger.
9:30 of 1st period - Stopped by Jimmy Howard without a rebound.
9:31 of 1st period - John Madden wins face-off versus Jeff Halpern in Capitals zone.
9:33 of 1st period - Niklas Hagman is hit by Douglas Murray and loses puck.
9:34 of 1st period - Minor Penalty to Douglas Murray for Elbowing.
9:35 of 1st period - Jeff Halpern wins face-off versus Niklas Hagman in Capitals zone.
9:35 of 1st period - Jeff Halpern is hit by John Madden.
12:57 of 1st period - Shot by Pascal Dupuis.
12:57 of 1st period - Shot Misses the Net.
13:30 of 1st period - Icing by Alexander Ovechkin.
13:31 of 1st period - Glen Metropolit wins face-off versus Matt Stajan in Capitals zone.
13:50 of 1st period - Shot by Chris Pronger.
13:50 of 1st period - Shot Misses the Net.
13:54 of 1st period - Shot by Randy Jones.
13:54 of 1st period - Stopped by Jimmy Howard with a rebound.
13:56 of 1st period - Shot by Kyle Brodziak.
13:56 of 1st period - Shot Blocked by Mike Green.
13:58 of 1st period - Shot by Kyle Brodziak.
13:58 of 1st period - Goal by Kyle Brodziak - Capitals : 0 - Flyers : 1.
13:59 of 1st period - Jeff Halpern wins face-off versus John Madden in neutral zone.
14:22 of 1st period - Shot by Tomas Fleischmann.
14:22 of 1st period - Stopped by Tomas Vokoun with a rebound.
14:58 of 1st period - Shot by Lee Stempniak.
14:58 of 1st period - Shot Misses the Net.
15:00 of 1st period - Shot by Pascal Dupuis.
15:00 of 1st period - Shot Misses the Net.
15:02 of 1st period - Shot by Brendan Morrison.
15:02 of 1st period - Shot Misses the Net.
15:04 of 1st period - Shot by Lee Stempniak.
15:04 of 1st period - Shot Misses the Net.
16:41 of 1st period - Icing by Alexander Ovechkin.
16:42 of 1st period - Glen Metropolit wins face-off versus Jeff Halpern in Capitals zone.
17:41 of 1st period - Mike Green is hit by Ladislav Smid and loses puck.
18:39 of 1st period - Steve Eminger is hit by Randy Jones.
18:43 of 1st period - Shot by Tomas Fleischmann.
18:43 of 1st period - Stopped by Tomas Vokoun without a rebound.
18:44 of 1st period - Tim Connolly wins face-off versus Brian Sutherby in Flyers zone.
18:57 of 1st period - Shot by Justin Williams.
18:57 of 1st period - Deflect By Tim Connolly.
18:57 of 1st period - Stopped by Jimmy Howard without a rebound.
18:58 of 1st period - Matt Stajan wins face-off versus Brendan Morrison in Capitals zone.

Period #2

0:01 of 2nd period - Matt Stajan wins face-off versus Tim Connolly in neutral zone.
1:02 of 2nd period - Brian Sutherby is hit by Chris Pronger and loses puck.
1:28 of 2nd period - Tim Connolly is hit by Brian Sutherby and loses puck.
1:32 of 2nd period - Minor Penalty to Alexander Ovechkin for Holding.
1:33 of 2nd period - John Madden wins face-off versus Matt Stajan in Capitals zone.
2:06 of 2nd period - Shot by Niklas Hagman.
2:06 of 2nd period - Shot Blocked by Willie Mitchell.
2:08 of 2nd period - Shot by Niklas Hagman.
2:08 of 2nd period - Stopped by Jimmy Howard without a rebound.
2:09 of 2nd period - John Madden wins face-off versus Matt Stajan in Capitals zone.
2:34 of 2nd period - Shot by Kevin Bieksa.
2:34 of 2nd period - Stopped by Jimmy Howard without a rebound.
2:35 of 2nd period - Brendan Morrison wins face-off versus Matt Stajan in Capitals zone.
3:41 of 2nd period - Tomas Fleischmann is hit by Glen Metropolit.
3:54 of 2nd period - Icing by Marc Methot.
3:55 of 2nd period - Jeff Halpern wins face-off versus Jochen Hecht in Capitals zone.
4:01 of 2nd period - Icing by Rostislav Klesla.
4:02 of 2nd period - Jochen Hecht wins face-off versus Brian Sutherby in Flyers zone.
5:07 of 2nd period - Shot by Alexander Semin.
5:07 of 2nd period - Shot Hit the Post.
5:09 of 2nd period - Shot by Kimmo Timonen.
5:09 of 2nd period - Stopped by Tomas Vokoun without a rebound.
5:10 of 2nd period - Jeff Halpern wins face-off versus John Madden in Flyers zone.
5:13 of 2nd period - Shot by Matt Cooke.
5:13 of 2nd period - Stopped by Tomas Vokoun with a rebound.
5:14 of 2nd period - Minor Penalty to Matt Cooke for Interference.
5:15 of 2nd period - Matt Stajan wins face-off versus John Madden in Capitals zone.
5:15 of 2nd period - Matt Stajan is hit by Niklas Hagman.
5:22 of 2nd period - Icing by Niklas Hagman.
5:23 of 2nd period - Matt Stajan wins face-off versus John Madden in Flyers zone.
5:40 of 2nd period - Shot by Niklas Hagman.
5:40 of 2nd period - Stopped by Jimmy Howard with a rebound.
5:44 of 2nd period - Shot by Rob Blake.
5:44 of 2nd period - Stopped by Jimmy Howard without a rebound.
5:45 of 2nd period - Jeff Halpern wins face-off versus Tim Connolly in Capitals zone.
6:12 of 2nd period - Shot by Andrei Markov.
6:12 of 2nd period - Shot Misses the Net.
6:14 of 2nd period - Shot by Chris Pronger.
6:14 of 2nd period - Goal by Chris Pronger - Capitals : 0 - Flyers : 2.
6:15 of 2nd period - Jeff Halpern wins face-off versus John Madden in neutral zone.
6:15 of 2nd period - Tomas Fleischmann is hit by Radim Vrbata and loses puck.
6:23 of 2nd period - Shot by Tomas Fleischmann.
6:23 of 2nd period - Shot Misses the Net.
6:25 of 2nd period - Shot by Marc Methot.
6:25 of 2nd period - Shot Misses the Net.
6:29 of 2nd period - Shot by Matt Cooke.
6:29 of 2nd period - Stopped by Tomas Vokoun without a rebound.
6:30 of 2nd period - Matt Stajan wins face-off versus Brendan Morrison in Flyers zone.
7:10 of 2nd period - Minor Penalty to Alexander Ovechkin for Holding.
7:11 of 2nd period - John Madden wins face-off versus Jeff Halpern in Capitals zone.
7:20 of 2nd period - Shot by Niklas Hagman.
7:20 of 2nd period - Stopped by Jimmy Howard without a rebound.
7:21 of 2nd period - Tim Connolly wins face-off versus Jeff Halpern in Capitals zone.
8:52 of 2nd period - Shot by Kevin Bieksa.
8:52 of 2nd period - Shot Misses the Net.
8:54 of 2nd period - Shot by Rob Blake.
8:54 of 2nd period - Stopped by Jimmy Howard without a rebound.
8:55 of 2nd period - Matt Stajan wins face-off versus Tim Connolly in Capitals zone.
9:10 of 2nd period - Shot by Jochen Hecht.
9:10 of 2nd period - Stopped by Jimmy Howard without a rebound.
9:11 of 2nd period - Brian Sutherby wins face-off versus Brendan Morrison in Capitals zone.
9:11 of 2nd period - Alexander Ovechkin is hit by Brendan Morrison and loses puck.
9:19 of 2nd period - Douglas Murray is hit by Rostislav Klesla and loses puck.
9:24 of 2nd period - Shot by Alexander Ovechkin.
9:24 of 2nd period - Shot Misses the Net.
9:26 of 2nd period - Shot by Willie Mitchell.
9:26 of 2nd period - Stopped by Tomas Vokoun with a rebound.
9:27 of 2nd period - Minor Penalty to Ladislav Smid for Roughing.
9:28 of 2nd period - John Madden wins face-off versus Tomas Fleischmann in Flyers zone.
9:34 of 2nd period - Icing by Alexander Ovechkin.
9:35 of 2nd period - Tomas Fleischmann wins face-off versus John Madden in Capitals zone.
10:20 of 2nd period - Shot by Alexander Semin.
10:20 of 2nd period - Shot Blocked by Rob Blake.
10:32 of 2nd period - Shot by Douglas Murray.
10:32 of 2nd period - Shot Hit the Post.
11:23 of 2nd period - Shot by Matt Cooke.
11:23 of 2nd period - Stopped by Tomas Vokoun without a rebound.
11:24 of 2nd period - Jeff Halpern wins face-off versus John Madden in Flyers zone.
11:41 of 2nd period - Shot by Pascal Dupuis.
11:41 of 2nd period - Stopped by Jimmy Howard without a rebound.
11:42 of 2nd period - Matt Stajan wins face-off versus Glen Metropolit in Capitals zone.
12:21 of 2nd period - Icing by Willie Mitchell.
12:22 of 2nd period - Brian Sutherby wins face-off versus Brendan Morrison in Capitals zone.
12:35 of 2nd period - Shot by Brendan Morrison.
12:35 of 2nd period - Stopped by Jimmy Howard with a rebound.
12:39 of 2nd period - Shot by Brendan Morrison.
12:39 of 2nd period - Shot Misses the Net.
12:45 of 2nd period - Shot by Brendan Morrison.
12:45 of 2nd period - Shot Misses the Net.
12:47 of 2nd period - Shot by Pascal Dupuis.
12:47 of 2nd period - Shot Misses the Net.
12:49 of 2nd period - Shot by Pascal Dupuis.
12:49 of 2nd period - Stopped by Jimmy Howard with a rebound.
13:17 of 2nd period - Kevin Bieksa is hit by Douglas Murray and loses puck.
13:59 of 2nd period - Alexander Ovechkin is hit by Jochen Hecht and loses puck.
14:04 of 2nd period - Shot by Chris Pronger.
14:04 of 2nd period - Stopped by Jimmy Howard without a rebound.
14:05 of 2nd period - Matt Stajan wins face-off versus Glen Metropolit in Capitals zone.
14:05 of 2nd period - Matt Stajan is hit by Tim Connolly.
14:16 of 2nd period - Shot by Tim Connolly.
14:16 of 2nd period - Goal by Tim Connolly - Capitals : 0 - Flyers : 3.
14:17 of 2nd period - Jeff Halpern wins face-off versus Brendan Morrison in neutral zone.
14:27 of 2nd period - Minor Penalty to Steve Eminger for Tripping.
14:28 of 2nd period - Tim Connolly wins face-off versus Matt Stajan in Capitals zone.
14:28 of 2nd period - Justin Williams is hit by Mike Green and loses puck.
14:33 of 2nd period - Shot by Andrei Markov.
14:33 of 2nd period - Stopped by Jimmy Howard with a rebound.
14:35 of 2nd period - Shot by Jochen Hecht.
14:35 of 2nd period - Shot Hit the Post.
14:39 of 2nd period - Shot by Chris Pronger.
14:39 of 2nd period - Deflect By Jochen Hecht.
14:39 of 2nd period - Stopped by Jimmy Howard without a rebound.
14:40 of 2nd period - Matt Stajan wins face-off versus John Madden in Capitals zone.
16:15 of 2nd period - Shot by John Madden.
16:15 of 2nd period - Stopped by Jimmy Howard without a rebound.
16:16 of 2nd period - Brendan Morrison wins face-off versus Jeff Halpern in Capitals zone.
17:15 of 2nd period - Mike Green is hit by Glen Metropolit and loses puck.
18:08 of 2nd period - Shot by John Madden.
18:08 of 2nd period - Stopped by Jimmy Howard without a rebound.
18:09 of 2nd period - John Madden wins face-off versus Brian Sutherby in Capitals zone.
18:12 of 2nd period - Shot by Niklas Hagman.
18:12 of 2nd period - Deflect By John Madden.
18:12 of 2nd period - Stopped by Jimmy Howard without a rebound.
18:13 of 2nd period - John Madden wins face-off versus Brian Sutherby in Capitals zone.
19:14 of 2nd period - Shot by Jeff Halpern.
19:14 of 2nd period - Stopped by Tomas Vokoun without a rebound.
19:15 of 2nd period - Brendan Morrison wins face-off versus Tomas Fleischmann in Flyers zone.
19:20 of 2nd period - Shot by Matt Cooke.
19:20 of 2nd period - Shot Misses the Net.
19:22 of 2nd period - Shot by Matt Cooke.
19:22 of 2nd period - Shot Misses the Net.
19:24 of 2nd period - Shot by Tomas Fleischmann.
19:24 of 2nd period - Stopped by Tomas Vokoun without a rebound.
19:25 of 2nd period - Ryane Clowe wins face-off versus Brendan Morrison in Flyers zone.
19:32 of 2nd period - Shot by Alexander Ovechkin.
19:32 of 2nd period - Stopped by Tomas Vokoun without a rebound.
19:33 of 2nd period - Jeff Halpern wins face-off versus Tim Connolly in Flyers zone.

Period #3

0:01 of 3rd period - Tim Connolly wins face-off versus Matt Stajan in neutral zone.
0:03 of 3rd period - Minor Penalty to Matt Stajan for Elbowing.
0:04 of 3rd period - Tim Connolly wins face-off versus Alexander Ovechkin in Capitals zone.
0:07 of 3rd period - Shot by Jochen Hecht.
0:07 of 3rd period - Shot Misses the Net.
1:14 of 3rd period - Shot by Rob Blake.
1:14 of 3rd period - Shot Misses the Net.
1:21 of 3rd period - Icing by Rob Blake.
1:22 of 3rd period - John Madden wins face-off versus Jeff Halpern in Flyers zone.
1:55 of 3rd period - Shot by Chris Pronger.
1:55 of 3rd period - Stopped by Jimmy Howard without a rebound.
1:56 of 3rd period - Alexander Ovechkin wins face-off versus Tim Connolly in Capitals zone.
2:12 of 3rd period - Minor Penalty to Ladislav Smid for Holding.
2:13 of 3rd period - John Madden wins face-off versus Ryane Clowe in Flyers zone.
3:16 of 3rd period - Shot by Mike Green.
3:16 of 3rd period - Stopped by Tomas Vokoun with a rebound.
4:02 of 3rd period - John Madden is hit by Alexander Ovechkin and loses puck.
4:42 of 3rd period - Brendan Morrison is hit by Steve Eminger and loses puck.
5:17 of 3rd period - Shot by Niklas Hagman.
5:17 of 3rd period - Stopped by Jimmy Howard without a rebound.
5:18 of 3rd period - Ryane Clowe wins face-off versus Glen Metropolit in Capitals zone.
5:29 of 3rd period - Shot by Matt Stajan.
5:29 of 3rd period - Stopped by Tomas Vokoun without a rebound.
5:30 of 3rd period - Matt Stajan wins face-off versus John Madden in Flyers zone.
5:38 of 3rd period - Icing by Niklas Hagman.
5:39 of 3rd period - John Madden wins face-off versus Ryane Clowe in Flyers zone.
6:13 of 3rd period - Minor Penalty to Alexander Ovechkin for High sticking.
6:14 of 3rd period - Tim Connolly wins face-off versus Matt Stajan in Capitals zone.
6:57 of 3rd period - Rob Blake is hit by Jeff Halpern and loses puck.
7:17 of 3rd period - Icing by Kevin Bieksa.
7:18 of 3rd period - Radim Vrbata wins face-off versus Matt Stajan in Flyers zone.
8:25 of 3rd period - Icing by Douglas Murray.
8:26 of 3rd period - Brian Sutherby wins face-off versus Brendan Morrison in Capitals zone.
8:39 of 3rd period - Shot by Alexander Ovechkin.
8:39 of 3rd period - Shot Misses the Net.
8:50 of 3rd period - Icing by Ladislav Smid.
8:51 of 3rd period - Brendan Morrison wins face-off versus Matt Stajan in Flyers zone.
9:44 of 3rd period - Minor Penalty to Marc Methot for Interference.
9:45 of 3rd period - Jeff Halpern wins face-off versus John Madden in Capitals zone.
10:31 of 3rd period - Shot by Andrei Markov.
10:31 of 3rd period - Stopped by Jimmy Howard without a rebound.
10:32 of 3rd period - Matt Stajan wins face-off versus Glen Metropolit in Capitals zone.
10:48 of 3rd period - Icing by Andrei Markov.
10:49 of 3rd period - Jeff Halpern wins face-off versus Glen Metropolit in Flyers zone.
11:08 of 3rd period - Icing by Glen Metropolit.
11:09 of 3rd period - Glen Metropolit wins face-off versus Jeff Halpern in Flyers zone.
11:36 of 3rd period - Shot by Kevin Bieksa.
11:36 of 3rd period - Shot Misses the Net.
11:38 of 3rd period - Shot by John Madden.
11:38 of 3rd period - Stopped by Jimmy Howard without a rebound.
11:39 of 3rd period - John Madden wins face-off versus Jeff Halpern in Capitals zone.
11:40 of 3rd period - Shot by Rob Blake.
11:40 of 3rd period - Shot Misses the Net.
12:21 of 3rd period - Matt Cooke is hit by Lee Stempniak.
12:48 of 3rd period - Minor Penalty to Alexander Ovechkin for Holding Stick.
12:49 of 3rd period - Matt Stajan wins face-off versus Tim Connolly in Capitals zone.
13:10 of 3rd period - Shot by Andrei Markov.
13:10 of 3rd period - Stopped by Jimmy Howard without a rebound.
13:11 of 3rd period - John Madden wins face-off versus Matt Stajan in Capitals zone.
13:36 of 3rd period - Shot by Kevin Bieksa.
13:36 of 3rd period - Shot Misses the Net.
13:38 of 3rd period - Shot by John Madden.
13:38 of 3rd period - Stopped by Jimmy Howard without a rebound.
13:39 of 3rd period - Alexander Semin wins face-off versus Justin Williams in Capitals zone.
14:49 of 3rd period - Rob Blake is hit by Brian Sutherby and loses puck.
15:11 of 3rd period - Icing by Brendan Morrison.
15:12 of 3rd period - Brendan Morrison wins face-off versus Jeff Halpern in Flyers zone.
15:12 of 3rd period - Minor Penalty to Matt Cooke for Tripping.
15:13 of 3rd period - Matt Pettinger wins face-off versus Jochen Hecht in Capitals zone.
15:19 of 3rd period - Icing by Chris Pronger.
15:20 of 3rd period - Matt Stajan wins face-off versus Tim Connolly in Flyers zone.
15:38 of 3rd period - Shot by Andrei Markov.
15:38 of 3rd period - Shot Misses the Net.
15:40 of 3rd period - Shot by Andrei Markov.
15:40 of 3rd period - Shot Misses the Net.
16:35 of 3rd period - Shot by Kevin Bieksa.
16:35 of 3rd period - Shot Misses the Net.
16:37 of 3rd period - Shot by Rob Blake.
16:37 of 3rd period - Shot Misses the Net.
16:39 of 3rd period - Shot by Rob Blake.
16:39 of 3rd period - Shot Misses the Net.
17:40 of 3rd period - Shot by Alexander Ovechkin.
17:40 of 3rd period - Stopped by Tomas Vokoun with a rebound.
17:42 of 3rd period - Shot by Alexander Ovechkin.
17:42 of 3rd period - Stopped by Tomas Vokoun without a rebound.
17:43 of 3rd period - Brian Sutherby wins face-off versus Glen Metropolit in Flyers zone.
19:25 of 3rd period - Shot by Tomas Fleischmann.
19:25 of 3rd period - Shot Blocked by John Madden.
19:27 of 3rd period - Shot by Jeff Halpern.
19:27 of 3rd period - Shot Misses the Net.
19:38 of 3rd period - Kevin Bieksa is hit by Brian Sutherby and loses puck.
19:42 of 3rd period - Off-side.
19:43 of 3rd period - Matt Stajan wins face-off versus Brendan Morrison in neutral zone.
19:46 of 3rd period - Shot by Mike Green.
19:46 of 3rd period - Stopped by Tomas Vokoun without a rebound.
19:47 of 3rd period - Brendan Morrison wins face-off versus Matt Stajan in Flyers zone.


Output by the SimonT Hockey Simulator (STHS) for Stephane Roy -- Original Page W3C XHTML 1.0 Valid